 Dungeon Crawl Stone Soup version 0.19.0-2-gae57169 (webtiles) character file.

486 LORDOFBUTT the Chopper (level 6, -8/57 HPs)
             Began as a Minotaur Berserker on Nov 5, 2016.
             Was a Priest of Trog.
             Mangled by an ogre
             ... wielding a +0 giant spiked club
              (24 damage)
             ... on level 4 of the Dungeon.
             The game lasted 00:03:16 (3231 turns).

LORDOFBUTT the Chopper (Minotaur Berserker)         Turns: 3231, Time: 00:03:17

Health: -8/57      AC:  3    Str: 23    XL:     6   Next: 89%
Magic:  5/5        EV: 13    Int:  4    God:    Trog [***...]
Gold:   184        SH:  0    Dex: 10    Spells: 0 memorised, 5 levels left

rFire  . . .     SeeInvis .     a - +0 hand axe
rCold  + . .     Gourm    .     n - +1 animal skin
rNeg   + . .     Faith    .     (no shield)
rPois  .         Spirit   .     (helmet restricted)
rElec  .         Reflect  .     (no cloak)
rCorr  .         Harm     .     (no gloves)
MR     .....                    (no boots)
Stlth  +.........               (no amulet)
                                u - ring of protection from cold
                                t - ring of positive energy

@: no status effects
A: retaliatory headbutt, horns 2
a: Berserk, Trog's Hand, Burn Spellbooks, Renounce Religion


You were on level 4 of the Dungeon.
You worshipped Trog.
Trog was most pleased with you.
You were not hungry.

You visited 1 branch of the dungeon, and saw 4 of its levels.

You collected 184 gold pieces.

Inventory:

Hand Weapons
 a - a +0 hand axe (weapon)
Armour
 n - a +1 animal skin (worn)
Jewellery
 t - a ring of positive energy (left hand)
 u - a ring of protection from cold (right hand)
 w - an uncursed ring of see invisible {unknown}
Wands
 j - a wand of teleportation (2/9)
Scrolls
 b - a scroll of immolation {unknown}
 d - 2 scrolls of identify {unknown}
 e - 4 scrolls of remove curse {unknown}
 h - 3 scrolls of fear {unknown}
 i - 2 scrolls of amnesia {unknown}
 k - 2 scrolls of recharging {unknown}
 l - 3 scrolls of enchant armour {unknown}
 s - 3 scrolls of teleportation {unknown}
 v - a scroll of blinking {unknown}
 x - a scroll of magic mapping {unknown}
Potions
 m - a potion of degeneration {unknown}
 o - a potion of flight {unknown}
 q - 2 potions of curing {unknown}
 r - a potion of haste {unknown}
Comestibles
 c - 5 bread rations
 f - 4 fruits
 g - 4 meat rations
 p - 2 beef jerkies


   Skills:
 + Level 5.8 Fighting
 + Level 5.9 Axes
 + Level 4.5 Armour
 + Level 4.2 Dodging


You had 5 spell levels left.
You didn't know any spells.

Dungeon Overview and Level Annotations

Branches:
Dungeon (4/15)
 Temple: D:4-7

Altars:
Dithmenos
Qazlal


Innate Abilities, Weirdness & Mutations

You reflexively headbutt those who attack you in melee.
You have a pair of horns on your head.


Message History

The ogre shouts!
There is an open door here.
An ogre is nearby!
You slash the ogre! Your headbutt misses the ogre.
The ogre is moderately wounded.
The ogre hits you with a giant spiked club!
You hit the ogre. You headbutt the ogre.
The ogre is severely wounded.
The ogre barely misses you.
You hit the ogre but do no damage.
The ogre is severely wounded.
The ogre hits you with a giant spiked club!!
* * * LOW HITPOINT WARNING * * *
You are too injured to fight recklessly!
You closely miss the ogre.
The ogre is severely wounded.
You hit the ogre.
The ogre is almost dead.
The ogre hits you with a giant spiked club!!
You die...

#.# #.# #.# #.###
######### #.#..
.......## #.#.#
#......# ##.#.#
#......# >..#.#
#....O.# .#.#.# #@#
.#...# #.# .#...#
#######.#
.....#####.......#
.#.......+.......#
.#...#####.......#
........†...........
...#.######.##.#####
...#.# #...#.#


You could see an ogre.

Vanquished Creatures
  The ghost of blooo the Insei, an amateur HEAr (D:3)
  An ogre (D:4)
  An iguana (D:4)
  2 orc wizards (D:4)
  A worker ant (D:4)
  Robin (D:2)
  A howler monkey skeleton (D:4)
  6 adders
  An ooze (D:3)
  2 worms (D:3)
  4 dart slugs
  A leopard gecko (D:4)
  6 orcs
  5 bats
  A giant cockroach (D:1)
  16 goblins
  4 hobgoblins
  15 jackals
  A quokka (D:3)
  A ball python (D:4)
  6 frilled lizards
  4 kobolds
  A quokka skeleton (D:4)
  6 rats
88 creatures vanquished.

Vanquished Creatures (others)
  A hobgoblin (D:3)
1 creature vanquished.

Grand Total: 89 creatures vanquished

Notes
Turn   | Place    | Note
-------+----------+-------------------------------------------
     0 | D:1      | LORDOFBUTT the Minotaur Berserker began the quest for the Orb.
     0 | D:1      | Reached XP level 1. HP: 19/19 MP: 0/0
    43 | D:1      | Reached XP level 2. HP: 18/27 MP: 1/1
   689 | D:2      | Reached XP level 3. HP: 33/33 MP: 2/2
   718 | D:2      | Found a shadowy altar of Dithmenos.
   729 | D:2      | Reached ** piety under Trog
   935 | D:2      | Noticed Robin
   942 | D:2      | Killed Robin
   961 | D:2      | Reached XP level 4. HP: 23/41 MP: 3/3
  1835 | D:3      | Noticed blooo's ghost (amateur HEAr)
  1850 | D:3      | Killed blooo's ghost
  1850 | D:3      | Reached skill level 5 in Fighting
  1850 | D:3      | Reached skill level 5 in Axes
  1850 | D:3      | Reached XP level 5. HP: 26/48 MP: 4/4
  2374 | D:3      | Reached *** piety under Trog
  2510 | D:3      | Found a stormy altar of Qazlal.
  2683 | D:4      | Noticed an ogre
  2687 | D:4      | Reached XP level 6. HP: 56/56 MP: 5/5
  3231 | D:4      | Mangled by an ogre

Skill      XL: |  1  2  3  4  5  6 |
---------------+-------------------+-----
Axes           | 4 5 |  5.9
Fighting       | 4 5 |  5.8
Dodging        | 3 4 |  4.2
Armour         | 3 4 |  4.5

Action                   |  1- 3 |  4- 6 || total
-------------------------+-------+-------++-------
Melee: Hand axe          |    79 |   120 ||   199
       Headbutt          |     6 |    18 ||    24
Invok: Berserk           |     1 |     3 ||     4
 Stab: Sleeping          |       |     2 ||     2
  Eat: Chunk             |       |    11 ||    11
Armor: Animal skin       |    18 |    15 ||    33
Dodge: Dodged            |    59 |    72 ||   131
